AoeStats
← E-d-d-i-e91G

Nomad

509073464Analyzed
2v2 RM · 8d ago on Sep 25, 2026· 50m 20s· 4 players
Game mode
Random Map
Map size
176×176
Population
200
Speed
Normal
Resources
Standard
Victory
Conquest
Starting age
Dark Age
Ending age
Imperial Age
RankedLock teamsTeams togetherTeam positionsShared explorationLock speedFull tech treeHidden civsTurbo modeCheats
Victory
Defeat
🇦🇺 Spanish · Australia
634
+7
🇫🇷 Danes · France
510
+10
🇦🇺 Celts · Australia
402
-9
🇦🇺 Wu · Australia
394
-8
Pochita
3:35 Loom
14:46 Feudal Age
19:49 Castle Age
20:13 Double-Bit Axe
21:45 Wheelbarrow
22:41 Demolition Ship
25:50 Medium Warships
31:55 Fishing Lines
33:56 Padded Archer Armor
Sayuri
3:20 Loom
13:22 Feudal Age
13:53 Horse Collar
14:02 Double-Bit Axe
14:54 Wheelbarrow
14:06 Town Watch
18:37 Arson
18:13 Man-at-Arms
23:03 Gold Mining
23:04 Stone Mining
26:12 Bloodlines
33:09 Castle Age
34:29 Light Cavalry
35:10 Husbandry
35:29 Scale Barding Armor
35:25 Scale Mail Armor
35:25 Padded Archer Armor
35:39 Hamask
36:55 Bow Saw
38:12 Husbandry
37:33 Light Cavalry
38:28 Heavy Plow
38:43 Forging
38:24 Fletching
38:49 Chain Mail Armor
38:50 Leather Archer Armor
40:26 Bow Saw
45:26 Chain Barding Armor
45:21 Leather Archer Armor
45:02 Bodkin Arrow
45:43 Iron Casting
44:53 Fishing Lines
50:06 Imperial Age
47:53 Hand Cart
47:42 Caravan
48:33 Coinage
E-d-d-i-e91G
8:49 Loom
14:44 Feudal Age
16:25 Wheelbarrow
15:50 Fishing Lines
16:29 Double-Bit Axe
16:33 Horse Collar
18:08 Town Watch
26:08 Gold Mining
26:09 Stone Mining
26:41 Man-at-Arms
32:22 Castle Age
33:59 Hand Cart
IAMASTROMAN9714
15:15 Feudal Age
16:49 Man-at-Arms
17:33 Fishing Lines
18:08 Double-Bit Axe
23:20 Gold Mining
26:46 Forging
26:39 Scale Mail Armor
31:46 Scale Barding Armor
31:32 Fletching
31:43 Padded Archer Armor
33:25 Wheelbarrow
Connection lost

Rejoining the realm…

Still unreachable

The connection could not be restored.

Session expired

The server has moved on; the page needs a fresh start.